[Event "DVM U12W 2021"]
[Site "Willingen"]
[Date "2022.08.14"]
[Round "3"]
[White "Leicher, Anna"]
[Black "Shynkar, Darya"]
[Result "1-0"]
[ECO "B28"]
[WhiteElo "1252"]
[BlackElo "1001"]
[Annotator "NA RC"]
[PlyCount "61"]
[EventDate "2022.08.12"]
[EventType "team-tourn"]
[EventRounds "7"]
[EventCountry "GER"]
[SourceTitle "playchess.com"]
[Source "ChessBase"]
[SourceQuality "1"]
[TimeControl "40/5400+30:1800+30"]

1. e4 c5 2. Nf3 a6 3. b3 Nc6 4. Bc4 e6 5. O-O b5 6. Be2 Nge7 7. c3 Ng6 8. d4 cxd4 9. Nxd4 Bb7 10. c4 bxc4 11. Bxc4 Be7 12. Nxc6 Bxc6 13. Qe2 O-O 14. Bb2 Re8 15. Bxa6 Qb6 16. Bd3 Nf4 17. Qg4 Ng6 18. Nd2 Rad8 19. Nc4 Qc7 20. f4 f6 21. f5 exf5 22. exf5 Nf8 23. Bc3 d5 24. Ba5 Qb8 25. Bxd8 Bc5+ 26. Kh1 Be7 27. Bxe7 Rxe7 28. Rae1 Rxe1 29. Rxe1 Qa7 30. a4 dxc4 31. Qxc4+ 1-0

[Event "DVM U12W 2021"]
[Site "Willingen"]
[Date "2022.08.14"]
[Round "3"]
[White "Mehner, Clara"]
[Black "Schuelke, Rosalie"]
[Result "1/2-1/2"]
[ECO "C01"]
[WhiteElo "1150"]
[BlackElo "1297"]
[Annotator "NA RC"]
[PlyCount "78"]
[EventDate "2022.08.12"]
[EventType "team-tourn"]
[EventRounds "7"]
[EventCountry "GER"]
[SourceTitle "playchess.com"]
[Source "ChessBase"]
[SourceQuality "1"]
[TimeControl "40/5400+30:1800+30"]

1. e4 e6 2. d4 d5 3. exd5 exd5 4. Nf3 Nf6 5. Bd3 Bd6 6. O-O O-O 7. Bg5 Bg4 8. Nbd2 Nbd7 9. c3 c6 10. Qc2 Qc7 11. Rfe1 Rfe8 12. h3 Bh5 13. b3 c5 14. c4 a6 15. cxd5 cxd4 16. Qxc7 Bxc7 17. Nxd4 Be5 18. Nf5 Bxa1 19. Rxa1 Nxd5 20. Nd6 Re6 21. Nxb7 Rae8 22. Bc4 Re1+ 23. Rxe1 Rxe1+ 24. Kh2 N7f6 25. Bxa6 Be2 26. Nc5 Bxa6 27. Nxa6 Re6 28. Nc5 Rc6 29. Nd3 h6 30. Bxf6 Nxf6 31. Nc4 Nd5 32. a4 f6 33. Kg3 Kf7 34. Kf3 Ke6 35. Ke4 Nc3+ 36. Kd4 Ne2+ 37. Ke4 Nc3+ 38. Kd4 Ne2+ 39. Ke4 Nc3+ 1/2-1/2

[Event "DVM U12W 2021"]
[Site "Willingen"]
[Date "2022.08.14"]
[Round "3"]
[White "Greive, Greta"]
[Black "Reetz, Shaila"]
[Result "1-0"]
[ECO "C42"]
[WhiteElo "1136"]
[BlackElo "837"]
[Annotator "NA RC"]
[PlyCount "115"]
[EventDate "2022.08.12"]
[EventType "team-tourn"]
[EventRounds "7"]
[EventCountry "GER"]
[SourceTitle "playchess.com"]
[Source "ChessBase"]
[SourceQuality "1"]
[TimeControl "40/5400+30:1800+30"]

1. e4 e5 2. Nf3 Nf6 3. Nxe5 Nxe4 4. Qe2 d5 5. f3 Bf5 6. fxe4 dxe4 7. Nc3 Bd6 8. Ng4 O-O 9. Nf2 Nd7 10. b3 Nf6 11. Bb2 Qe8 12. O-O-O Qe7 13. Nb5 Rfe8 14. Nxd6 cxd6 15. Qb5 d5 16. Bxf6 Qxf6 17. Kb1 Rac8 18. g4 Bg6 19. h4 e3 20. Nd3 a6 21. Qxd5 Rc6 22. Bg2 e2 23. Rde1 Bxd3 24. Qxd3 Rc5 25. Rxe2 Rd8 26. Qf3 Qb6 27. Rhe1 Rcc8 28. Qxb7 Qc5 29. Qe4 Qf8 30. h5 a5 31. h6 g6 32. g5 Rb8 33. Rf1 Rd7 34. Qc6 Rbd8 35. Rd1 Re7 36. Rxe7 Qxe7 37. Qe4 Qf8 38. Qa4 Qc5 39. Re1 Qf8 40. Qc4 Rc8 41. Qd4 Rd8 42. Qg7+ Qxg7 43. hxg7 Rb8 44. Rf1 a4 45. Bd5 Rb6 46. Rxf7 Rd6 47. Rd7+ Rxd5 48. Rxd5 axb3 49. axb3 Kxg7 50. b4 h6 51. gxh6+ Kxh6 52. b5 g5 53. b6 g4 54. b7 g3 55. b8=Q g2 56. Qb6+ Kg7 57. Rd7+ Kf8 58. Qb8# 1-0

[Event "DVM U12W 2021"]
[Site "Willingen"]
[Date "2022.08.14"]
[Round "3"]
[White "Henzel, Leonie"]
[Black "Mauhs, Helena"]
[Result "1/2-1/2"]
[ECO "D02"]
[WhiteElo "1134"]
[BlackElo "857"]
[Annotator "NA RC"]
[PlyCount "100"]
[EventDate "2022.08.12"]
[EventType "team-tourn"]
[EventRounds "7"]
[EventCountry "GER"]
[SourceTitle "playchess.com"]
[Source "ChessBase"]
[SourceQuality "1"]
[TimeControl "40/5400+30:1800+30"]

1. d4 d5 2. Nf3 Nc6 3. Bf4 Bf5 4. e3 Nf6 5. c3 e6 6. Bd3 Bd6 7. Ne5 O-O 8. Nxc6 bxc6 9. Bxd6 Qxd6 10. Bxf5 exf5 11. Nd2 Rab8 12. Rb1 Ne4 13. Nxe4 dxe4 14. h4 Qd5 15. b3 c5 16. Rh3 cxd4 17. c4 Qa5+ 18. Qd2 Qxd2+ 19. Kxd2 dxe3+ 20. Kxe3 Rbd8 21. Ke2 Rd4 22. Rb2 f4 23. g3 f3+ 24. Ke3 Rfd8 25. Rh1 Rd3+ 26. Kxe4 R8d4+ 27. Kf5 g6+ 28. Ke5 Kg7 29. Re1 f6+ 30. Ke6 Rd8 31. Ke7 R3d7+ 32. Ke6 Rd6+ 33. Ke7 f5 34. Rbb1 R6d7+ 35. Ke6 Kf8 36. Kf6 Rd6+ 37. Re6 R6d7 38. Rb2 Rf7+ 39. Ke5 f4 40. gxf4 Rf5+ 41. Ke4 Kf7 42. Re5 Rf6 43. Kxf3 Rd3+ 44. Re3 Rd4 45. Re4 Rd3+ 46. Kg2 Rf5 47. Rbe2 Rh5 48. Re7+ Kf6 49. Rxc7 Rxh4 50. Rc6+ Kf5 1/2-1/2

[Event "DVM U12W 2021"]
[Site "Willingen"]
[Date "2022.08.14"]
[Round "3"]
[White "Abram, Kristina-Maria"]
[Black "Schube, Theresa"]
[Result "1-0"]
[ECO "D02"]
[WhiteElo "1128"]
[BlackElo "1162"]
[Annotator "NA RC"]
[PlyCount "59"]
[EventDate "2022.08.12"]
[EventType "team-tourn"]
[EventRounds "7"]
[EventCountry "GER"]
[SourceTitle "playchess.com"]
[Source "ChessBase"]
[SourceQuality "1"]
[TimeControl "40/5400+30:1800+30"]

1. d4 d5 2. Nf3 Bf5 3. b3 Nc6 4. Bb2 e6 5. e3 a6 6. Bd3 Bg6 7. Nbd2 Nf6 8. O-O Nb4 9. Ne5 Ne4 10. Bxe4 Bxe4 11. Nxe4 dxe4 12. a3 Nd5 13. c4 Ne7 14. f3 f6 15. Ng4 h5 16. Nf2 exf3 17. Qxf3 c6 18. Rad1 Qc7 19. e4 O-O-O 20. d5 e5 21. b4 c5 22. bxc5 Qxc5 23. Kh1 Kb8 24. Qb3 Nc8 25. Nd3 Qb6 26. Qa4 h4 27. Rb1 Qe3 28. Nb4 Bxb4 29. Qxb4 h3 30. Bxe5+ 1-0

[Event "DVM U12W 2021"]
[Site "Willingen"]
[Date "2022.08.14"]
[Round "3"]
[White "Belkina, Elisabeth"]
[Black "Mo, Keyou"]
[Result "0-1"]
[ECO "D02"]
[WhiteElo "1126"]
[BlackElo "1264"]
[Annotator "NA RC"]
[PlyCount "62"]
[EventDate "2022.08.12"]
[EventType "team-tourn"]
[EventRounds "7"]
[EventCountry "GER"]
[SourceTitle "playchess.com"]
[Source "ChessBase"]
[SourceQuality "1"]
[TimeControl "40/5400+30:1800+30"]

1. d4 d5 2. Nf3 Nf6 3. Bf4 Bf5 4. e3 e6 5. c4 Bxb1 6. Qxb1 Bb4+ 7. Nd2 Ne4 8. Qc2 Bxd2+ 9. Kd1 Nxf2+ 10. Ke2 Nxh1 11. Kxd2 Nf2 12. Ke1 Ne4 13. g3 Nc6 14. Bg2 Nf6 15. Rd1 h6 16. cxd5 exd5 17. e4 O-O 18. e5 Re8 19. Kf1 Nd7 20. Bxd5 Nb4 21. Qc4 Nxd5 22. Qxd5 c6 23. Qf3 Qb6 24. Qe2 Nf6 25. Be3 Nd5 26. Rd2 Nxe3+ 27. Qxe3 Qa6+ 28. Qe2 Qxa2 29. b4 Qb1+ 30. Qe1 Qxb4 31. Qe3 Rad8 0-1

[Event "DVM U12W 2021"]
[Site "Willingen"]
[Date "2022.08.14"]
[Round "3"]
[White "Gerlach, Lorena"]
[Black "Ramakrishnan, Veda"]
[Result "1/2-1/2"]
[ECO "D02"]
[WhiteElo "1120"]
[BlackElo "1333"]
[Annotator "NA RC"]
[PlyCount "78"]
[EventDate "2022.08.12"]
[EventType "team-tourn"]
[EventRounds "7"]
[EventCountry "GER"]
[SourceTitle "playchess.com"]
[Source "ChessBase"]
[SourceQuality "1"]
[TimeControl "40/5400+30:1800+30"]

1. d4 d5 2. Nf3 Nf6 3. Bf4 Bf5 4. e3 e6 5. c3 Bd6 6. Bg3 c6 7. Be2 Bxg3 8. hxg3 Nbd7 9. Bd3 Bxd3 10. Qxd3 h6 11. Nbd2 Qb6 12. O-O-O O-O-O 13. Kb1 c5 14. dxc5 Nxc5 15. Qd4 Nce4 16. Qxb6 axb6 17. Nxe4 Nxe4 18. Rhf1 Kc7 19. Ne5 Rhf8 20. f3 Nxg3 21. Rf2 f6 22. Ng6 Rf7 23. Nf4 Re8 24. Rc2 b5 25. b3 Rd7 26. c4 dxc4 27. Rxd7+ Kxd7 28. bxc4 bxc4 29. Rxc4 Nf5 30. e4 Nd6 31. Rc3 g5 32. Nh5 Rf8 33. Kb2 f5 34. e5 Nc8 35. Nf6+ Kd8 36. Rd3+ Kc7 37. Rc3+ Kd8 38. Rd3+ Kc7 39. Rc3+ Kd8 1/2-1/2

[Event "DVM U12W 2021"]
[Site "Willingen"]
[Date "2022.08.14"]
[Round "3"]
[White "Glotz, Diana"]
[Black "Brandt, Clara"]
[Result "1/2-1/2"]
[ECO "C07"]
[WhiteElo "1116"]
[BlackElo "1161"]
[Annotator "NA COMBH RC"]
[PlyCount "55"]
[EventDate "2022.08.12"]
[EventType "team-tourn"]
[EventRounds "7"]
[EventCountry "GER"]
[SourceTitle "playchess.com"]
[Source "ChessBase"]
[SourceQuality "1"]
[TimeControl "40/5400+30:1800+30"]

1. e4 e6 2. d4 d5 3. Nd2 c5 4. c3 Nc6 5. Ne2 Qb6 6. exd5 exd5 7. Nf4 Nf6 8. Nf3 cxd4 9. cxd4 Bd6 10. Qe2+ Be7 11. Be3 O-O 12. a3 Re8 13. Qd1 Qxb2 14. Nd3 Qb6 15. Be2 Ne4 16. Qc2 Bf6 17. Nde5 Be6 18. O-O Rac8 19. Qd3 Bf5 20. g4 Be6 21. Rab1 Qc7 22. Bf4 g5 23. Bg3 Nxg3 24. hxg3 Bxe5 25. Nxe5 Nxe5 26. dxe5 Qxe5 27. Rxb7 Ra8 {[%emt 0:02:09] Check Result:-0.79} 28. f4 1/2-1/2

[Event "DVM U12W 2021"]
[Site "Willingen"]
[Date "2022.08.14"]
[Round "3"]
[White "Fruth, Julia"]
[Black "Peglau, Lorena"]
[Result "1-0"]
[ECO "C01"]
[WhiteElo "1037"]
[BlackElo "1207"]
[Annotator "NA RC"]
[PlyCount "127"]
[EventDate "2022.08.12"]
[EventType "team-tourn"]
[EventRounds "7"]
[EventCountry "GER"]
[SourceTitle "playchess.com"]
[Source "ChessBase"]
[SourceQuality "1"]
[TimeControl "40/5400+30:1800+30"]

1. e4 e6 2. d4 d5 3. Bd3 dxe4 4. Bxe4 Nf6 5. Bf3 c5 6. Ne2 Be7 7. dxc5 Qxd1+ 8. Kxd1 Bxc5 9. c3 Bxf2 10. Kc2 O-O 11. Bf4 Nbd7 12. Nd2 a6 13. h4 Rd8 14. Bc7 Re8 15. Nc4 Ra7 16. Nd6 Rf8 17. Rh3 b6 18. Nxc8 Rxc8 19. Bg3 Be3 20. Bf4 Bc5 21. h5 b5 22. g4 Kf8 23. g5 Ng8 24. Be4 e5 25. Bd2 b4 26. Bxh7 bxc3 27. Rxc3 Rac7 28. Bf5 Bd4 29. Bxd7 Bxc3 30. Bxc8 Bxd2+ 31. Kxd2 Rxc8 32. Rh1 Rc6 33. Rf1 Ke7 34. Re1 Rd6+ 35. Kc3 Ke6 36. Rf1 Rd5 37. Kc4 Ra5 38. Nc3 e4 39. Nxe4 Rxa2 40. Nc5+ Ke7 41. Rf2 Ra1 42. Rh2 Rg1 43. h6 Rg4+ 44. Kb3 gxh6 45. gxh6 Nxh6 46. Rxh6 f5 47. Rxa6 f4 48. Ra1 f3 49. Rf1 Rg3 50. Ne4 Rg4 51. Nd2 Rg3 52. Rxf3 Rxf3+ 53. Nxf3 Kd6 54. Ka4 Kc7 55. Ka5 Kb7 56. Kb5 Kb8 57. Kb6 Ka8 58. b4 Kb8 59. b5 Ka8 60. Kc7 Ka7 61. b6+ Ka8 62. b7+ Ka7 63. b8=Q+ Ka6 64. Qb6# 1-0

[Event "DVM U12W 2021"]
[Site "Willingen"]
[Date "2022.08.14"]
[Round "3"]
[White "Striebeck, Liv"]
[Black "Kopylov, Diana"]
[Result "0-1"]
[ECO "B21"]
[WhiteElo "1003"]
[BlackElo "1108"]
[Annotator "NA RC"]
[PlyCount "90"]
[EventDate "2022.08.12"]
[EventType "team-tourn"]
[EventRounds "7"]
[EventCountry "GER"]
[SourceTitle "playchess.com"]
[Source "ChessBase"]
[SourceQuality "1"]
[TimeControl "40/5400+30:1800+30"]

1. e4 c5 2. d4 cxd4 3. c3 dxc3 4. Nxc3 d6 5. Bc4 Nc6 6. Nf3 g6 7. e5 Bg7 8. exd6 exd6 9. Ng5 Qe7+ 10. Be3 Ne5 11. Nd5 Qd8 12. Rc1 Nxc4 13. Rxc4 Qa5+ 14. b4 Qxa2 15. Qc1 Bf5 16. O-O Bb2 17. Nc7+ Kf8 18. Nce6+ Bxe6 19. Nxe6+ fxe6 20. Rc8+ Rxc8 21. Qxc8+ Kf7 22. Qc7+ Ne7 23. Bg5 Re8 24. Qxd6 Qd5 25. Qf4+ Qf5 26. Qd2 Be5 27. g3 Nd5 28. Rb1 Qxb1+ 29. Kg2 Qxb4 30. Qd1 a5 31. Qf3+ Bf6 32. Bxf6 Nxf6 33. g4 Qe4 34. Qxe4 Nxe4 35. f3 Nc3 36. Kg3 a4 37. Kf2 a3 38. Kg3 a2 39. g5 a1=Q 40. Kf4 e5+ 41. Kg4 Qa4+ 42. Kg3 Qf4+ 43. Kg2 Qxg5+ 44. Kh3 Rd8 45. f4 Rd3# 0-1

[Event "DVM U12W 2021"]
[Site "Willingen"]
[Date "2022.08.14"]
[Round "3"]
[White "Yan, Jenny"]
[Black "Marrufo, Adriana"]
[Result "1-0"]
[ECO "A13"]
[WhiteElo "984"]
[BlackElo "942"]
[Annotator "NA RC"]
[PlyCount "57"]
[EventDate "2022.08.12"]
[EventType "team-tourn"]
[EventRounds "7"]
[EventCountry "GER"]
[SourceTitle "playchess.com"]
[Source "ChessBase"]
[SourceQuality "1"]
[TimeControl "40/5400+30:1800+30"]

1. c4 e6 2. g3 e5 3. Bg2 Nf6 4. d3 Bc5 5. Nc3 d6 6. Bd2 Nc6 7. Nf3 Be6 8. O-O O-O 9. Qb3 Rb8 10. Nd5 Nd4 11. Nxd4 Bxd4 12. Nxf6+ Qxf6 13. Be3 b5 14. Qc2 Rfc8 15. Bxd4 exd4 16. cxb5 Rxb5 17. b3 Rc5 18. Qd2 Rb8 19. Rac1 Rh5 20. Rxc7 Rh6 21. Rxa7 Qe5 22. Qf4 Qc5 23. Rb7 Rxb7 24. Bxb7 Qh5 25. h4 Rg6 26. Qxd6 h6 27. Qxd4 Qxe2 28. Be4 Rg4 29. Qd8# 1-0

[Event "DVM U12W 2021"]
[Site "Willingen"]
[Date "2022.08.14"]
[Round "3"]
[White "Müller, Ariana"]
[Black "Daaboul, Dima"]
[Result "1-0"]
[ECO "B00"]
[WhiteElo "975"]
[BlackElo "882"]
[Annotator "NA RC"]
[PlyCount "97"]
[EventDate "2022.08.12"]
[EventType "team-tourn"]
[EventRounds "7"]
[EventCountry "GER"]
[SourceTitle "playchess.com"]
[Source "ChessBase"]
[SourceQuality "1"]
[TimeControl "40/5400+30:1800+30"]

1. e4 b6 2. d4 Bb7 3. Bd3 Nf6 4. Qe2 e6 5. Nf3 Be7 6. h3 O-O 7. O-O d6 8. Bf4 Nbd7 9. Nbd2 a6 10. Rfe1 Ne8 11. Nc4 f6 12. c3 e5 13. Bg3 c5 14. d5 Nc7 15. Ne3 a5 16. Nh4 Qe8 17. Nef5 b5 18. Qg4 g6 19. Nh6+ Kg7 20. N6f5+ Kh8 21. Nxe7 Qxe7 22. Qxg6 Rg8 23. Qh6 Qg7 24. Qxg7+ Rxg7 25. Nf5 Rg6 26. Nxd6 Ba6 27. Be2 Rf8 28. Bh5 Rh6 29. Nf7+ Kg7 30. Nxh6 Kxh6 31. Bg4 Nb6 32. Re3 Nc4 33. Re2 b4 34. cxb4 axb4 35. Rc2 Nd6 36. Rxc5 Ncb5 37. Re1 Nd4 38. a3 Rb8 39. Bh4 Bd3 40. Bxf6 Nxe4 41. Rc8 Rb5 42. Bxe5 Rxd5 43. Re8 Nc2 44. Re6+ Kg5 45. f4+ Kh4 46. Rh6+ Kg3 47. Rd1 Ne3 48. Rxd3 Rxd3 49. f5# 1-0

[Event "DVM U12W 2021"]
[Site "Willingen"]
[Date "2022.08.14"]
[Round "3"]
[White "Marrufo, Emilia"]
[Black "Einacker, Lina"]
[Result "0-1"]
[ECO "D02"]
[WhiteElo "970"]
[BlackElo "1010"]
[Annotator "NA RC"]
[PlyCount "126"]
[EventDate "2022.08.12"]
[EventType "team-tourn"]
[EventRounds "7"]
[EventCountry "GER"]
[SourceTitle "playchess.com"]
[Source "ChessBase"]
[SourceQuality "1"]
[TimeControl "40/5400+30:1800+30"]

1. d4 d5 2. Bf4 Nf6 3. e3 e6 4. Nf3 Nh5 5. Bd3 Nxf4 6. exf4 Bd6 7. g3 b6 8. c3 Bb7 9. Nbd2 c5 10. Qc2 g6 11. O-O c4 12. Be2 Nd7 13. Rfe1 Nf6 14. Ne5 O-O 15. Ndf3 Ne4 16. Nd2 Nxd2 17. Qxd2 a5 18. Bf3 b5 19. b3 Bxe5 20. fxe5 Qe7 21. a4 b4 22. Kf1 Ba6 23. Kg1 Rab8 24. Rab1 bxc3 25. Qxc3 Qb4 26. Qxb4 Rxb4 27. Be2 Ra8 28. bxc4 Bxc4 29. Bxc4 Rxc4 30. Ra1 Rxd4 31. Red1 Rxd1+ 32. Rxd1 Rc8 33. Kf1 Rc4 34. Ra1 Re4 35. f4 f6 36. exf6 Kf7 37. Kf2 Kxf6 38. Kf3 e5 39. fxe5+ Kxe5 40. Ra3 Kd4 41. h4 Kc4 42. g4 Re7 43. h5 gxh5 44. gxh5 d4 45. Kf2 d3 46. Ra1 Kc3 47. Rc1+ Kb2 48. Rd1 Kc2 49. Ra1 d2 50. h6 d1=Q 51. Rxd1 Kxd1 52. Kf3 Re6 53. Kf4 Rxh6 54. Ke4 Rg6 55. Kd4 h5 56. Kc5 Rg5+ 57. Kb6 h4 58. Ka6 h3 59. Kb6 h2 60. Ka6 h1=Q 61. Kb6 Qh6+ 62. Kc7 Rg7+ 63. Kd8 Qh8# 0-1

[Event "DVM U12W 2021"]
[Site "Willingen"]
[Date "2022.08.14"]
[Round "3"]
[White "Xiao, Karoline"]
[Black "Hefele, Stefanie"]
[Result "0-1"]
[ECO "D02"]
[WhiteElo "965"]
[BlackElo "1180"]
[Annotator "NA RC"]
[PlyCount "74"]
[EventDate "2022.08.12"]
[EventType "team-tourn"]
[EventRounds "7"]
[EventCountry "GER"]
[SourceTitle "playchess.com"]
[Source "ChessBase"]
[SourceQuality "1"]
[TimeControl "40/5400+30:1800+30"]

1. d4 d5 2. Bf4 Nf6 3. Nf3 c5 4. e3 Nh5 5. Bg3 Qb6 6. b3 Bf5 7. c3 e6 8. Be2 Be7 9. Nbd2 O-O 10. O-O Nxg3 11. hxg3 Nd7 12. Ne5 Nxe5 13. dxe5 f6 14. Nf3 Bg4 15. Re1 Rad8 16. Qc2 Bf5 17. Qb2 c4 18. Nd4 fxe5 19. Nf3 Bd6 20. Rad1 e4 21. Nd4 Bc5 22. b4 e5 23. Nxf5 Rxf5 24. Rb1 Bxe3 25. Rf1 Rxf2 26. Rxf2 Bxf2+ 27. Kf1 Bxg3 28. Bg4 Rf8+ 29. Ke2 Rf2+ 30. Kd1 Rxb2 31. Rxb2 Qg1+ 32. Ke2 Qxg2+ 33. Kd1 Qxb2 34. Be6+ Kf8 35. Bxd5 Bf4 36. Ke1 Qd2+ 37. Kf1 Be3 0-1

[Event "DVM U12W 2021"]
[Site "Willingen"]
[Date "2022.08.14"]
[Round "3"]
[White "Hovhannisyan, Sofia"]
[Black "Sayouf, Rafif"]
[Result "0-1"]
[ECO "C47"]
[WhiteElo "935"]
[BlackElo "1102"]
[Annotator "NA RC"]
[PlyCount "80"]
[EventDate "2022.08.12"]
[EventType "team-tourn"]
[EventRounds "7"]
[EventCountry "GER"]
[SourceTitle "playchess.com"]
[Source "ChessBase"]
[SourceQuality "1"]
[TimeControl "40/5400+30:1800+30"]

1. e4 e5 2. Nf3 Nc6 3. d4 exd4 4. Nxd4 Nf6 5. Nc3 Bb4 6. Nxc6 bxc6 7. Bd2 Bxc3 8. Bxc3 O-O 9. Bd3 Re8 10. Bxf6 Qxf6 11. Rb1 d5 12. O-O dxe4 13. Re1 Bf5 14. Qe2 h6 15. Bc4 Qg6 16. Qe3 a6 17. Bb3 Re7 18. Rbd1 Rae8 19. Ba4 Bd7 20. Qc3 Qe6 21. Re3 g6 22. Bb3 Qf5 23. Rh3 h5 24. Re1 Qe5 25. Rg3 Qxc3 26. Rxc3 Re5 27. Rg3 Kg7 28. Ba4 Rb8 29. b3 Rb6 30. Rd1 Bf5 31. Rd4 Rd5 32. Rxd5 cxd5 33. Rc3 Rd6 34. Rxc7 d4 35. Kf1 d3 36. Ke1 d2+ 37. Kd1 Bg4+ 38. f3 exf3 39. Bc6 fxg2+ 40. Bf3 Bxf3# 0-1

[Event "DVM U12W 2021"]
[Site "Willingen"]
[Date "2022.08.14"]
[Round "3"]
[White "Ramien, Eva"]
[Black "Eger, Nora"]
[Result "1/2-1/2"]
[ECO "B08"]
[WhiteElo "929"]
[BlackElo "1248"]
[Annotator "NA RC"]
[PlyCount "94"]
[EventDate "2022.08.12"]
[EventType "team-tourn"]
[EventRounds "7"]
[EventCountry "GER"]
[SourceTitle "playchess.com"]
[Source "ChessBase"]
[SourceQuality "1"]
[TimeControl "40/5400+30:1800+30"]

1. e4 d6 2. d4 g6 3. Nc3 Bg7 4. Nf3 Nf6 5. h3 Nbd7 6. Be3 e5 7. dxe5 dxe5 8. Qd2 a6 9. Be2 Qe7 10. O-O O-O 11. Bh6 b6 12. Bxg7 Kxg7 13. a3 Bb7 14. Bd3 Rad8 15. Qe2 Nc5 16. b4 Nxd3 17. cxd3 Rfe8 18. Rfd1 Rd6 19. d4 Red8 20. dxe5 Rxd1+ 21. Nxd1 Nxe4 22. Qe3 h6 23. Nc3 Nxc3 24. Qxc3 Bxf3 25. Qxf3 Qxe5 26. Rf1 Qd5 27. Qc3+ Kg8 28. Qxc7 Qd6 29. Qc2 b5 30. Qb3 Qd5 31. Qxd5 Rxd5 32. Ra1 Rd4 33. Kf1 Kg7 34. Ke2 Kf6 35. Rc1 Rd6 36. Rc5 Ke6 37. Rc3 Kf6 38. Rf3+ Kg7 39. g3 Rf6 40. Ke3 Rxf3+ 41. Kxf3 Kf6 42. h4 g5 43. hxg5+ hxg5 44. Kg4 Kg6 45. f4 f5+ 46. Kf3 gxf4 47. gxf4 Kf6 1/2-1/2

[Event "DVM U12W 2021"]
[Site "Willingen"]
[Date "2022.08.14"]
[Round "3"]
[White "Grey, Paula"]
[Black "Achilles, Rosa"]
[Result "1/2-1/2"]
[ECO "C13"]
[WhiteElo "854"]
[BlackElo "1026"]
[Annotator "NA RC"]
[PlyCount "79"]
[EventDate "2022.08.12"]
[EventType "team-tourn"]
[EventRounds "7"]
[EventCountry "GER"]
[SourceTitle "playchess.com"]
[Source "ChessBase"]
[SourceQuality "1"]
[TimeControl "40/5400+30:1800+30"]

1. e4 e6 2. d4 d5 3. Nc3 dxe4 4. Nxe4 Nf6 5. Bg5 Be7 6. Nxf6+ Bxf6 7. Be3 O-O 8. Nf3 Re8 9. Bc4 Nc6 10. O-O Rb8 11. c3 Na5 12. b3 Nxc4 13. bxc4 b6 14. Qa4 Ra8 15. Qb5 Bd7 16. Qa6 Qc8 17. Qxc8 Bxc8 18. Rfd1 g6 19. Rdc1 Ba6 20. c5 b5 21. Bh6 Bb7 22. Ne5 Bxe5 23. dxe5 Red8 24. Rd1 Bc6 25. Rd2 Rd5 26. Rad1 Rad8 27. g3 Rxd2 28. Rxd2 Rd5 29. Rxd5 Bxd5 30. a3 c6 31. h4 a6 32. Bf4 h5 33. Bg5 Kf8 34. Bh6+ Ke8 35. Bg5 Kd7 36. f4 Kc8 37. Kh2 Bf3 38. Be7 Kb7 39. Bd8 Kc8 40. Ba5 1/2-1/2

[Event "DVM U12W 2021"]
[Site "Willingen"]
[Date "2022.08.14"]
[Round "3"]
[White "Limmer, Maria"]
[Black "Engeln, Helene"]
[Result "0-1"]
[ECO "C45"]
[WhiteElo "767"]
[BlackElo "956"]
[Annotator "NA RC"]
[PlyCount "52"]
[EventDate "2022.08.12"]
[EventType "team-tourn"]
[EventRounds "7"]
[EventCountry "GER"]
[SourceTitle "playchess.com"]
[Source "ChessBase"]
[SourceQuality "1"]
[TimeControl "40/5400+30:1800+30"]

1. e4 e5 2. Nf3 Nc6 3. d4 exd4 4. Nxd4 Nf6 5. Nxc6 dxc6 6. Qxd8+ Kxd8 7. Bd3 Bc5 8. O-O Re8 9. Bg5 h6 10. Bxf6+ gxf6 11. Nc3 Rg8 12. Ne2 Bd6 13. Rad1 Bh3 14. Bc4 Rxg2+ 15. Kh1 Rxh2+ 16. Kg1 Bxf1 17. Kxf1 Ke7 18. Ng3 Rg8 19. Nf5+ Kf8 20. Nxd6 cxd6 21. Rxd6 Rh1+ 22. Ke2 Rg4 23. Rd8+ Ke7 24. Rd3 f5 25. Re3 fxe4 26. f3 Rg2# 0-1

[Event "DVM U12W 2021"]
[Site "Willingen"]
[Date "2022.08.14"]
[Round "3"]
[White "Marrufo, Leandra"]
[Black "Blome, Antonia"]
[Result "0-1"]
[ECO "C50"]
[WhiteElo "701"]
[BlackElo "823"]
[Annotator "NA RC"]
[PlyCount "46"]
[EventDate "2022.08.12"]
[EventType "team-tourn"]
[EventRounds "7"]
[EventCountry "GER"]
[SourceTitle "playchess.com"]
[Source "ChessBase"]
[SourceQuality "1"]
[TimeControl "40/5400+30:1800+30"]

1. e4 e5 2. Nf3 Nc6 3. Bc4 Bc5 4. d3 Nf6 5. Nc3 d6 6. h3 Be6 7. Bb3 h6 8. Be3 Bb6 9. Qe2 Nd4 10. Bxd4 exd4 11. Nd1 d5 12. exd5 Nxd5 13. Bxd5 Qxd5 14. c3 O-O 15. Qc2 Rfe8 16. O-O Rad8 17. c4 Qf5 18. Re1 Bd7 19. Rxe8+ Rxe8 20. Nh4 Re1+ 21. Kh2 Qe5+ 22. g3 Bc6 23. b4 Rh1# 0-1

[Event "DVM U12W 2021"]
[Site "Willingen"]
[Date "2022.08.14"]
[Round "4"]
[White "Müller, Cosima"]
[Black "Mehner, Clara"]
[Result "1-0"]
[ECO "C11"]
[WhiteElo "1355"]
[BlackElo "1150"]
[Annotator "NA RC"]
[PlyCount "93"]
[EventDate "2022.08.12"]
[EventType "team-tourn"]
[EventRounds "7"]
[EventCountry "GER"]
[SourceTitle "playchess.com"]
[Source "ChessBase"]
[SourceQuality "1"]
[TimeControl "40/5400+30:1800+30"]

1. e4 e6 2. d4 d5 3. Nc3 Nf6 4. e5 Nfd7 5. Nce2 c5 6. c3 Nc6 7. f4 Be7 8. Nf3 O-O 9. a3 c4 10. Ng3 Qb6 11. Nd2 f5 12. h4 Qd8 13. Nf3 Nb6 14. Nh5 Qe8 15. Ng3 Qg6 16. Rh3 Qg4 17. Be2 h6 18. Ng5 Qxh3 19. Nxh3 Bxh4 20. Bh5 Bxg3+ 21. Kf1 Bd7 22. Bg6 Ne7 23. Qh5 Nxg6 24. Qxg6 Bh4 25. Bd2 Na4 26. Rb1 b5 27. g4 fxg4 28. Qxg4 Be7 29. Ke2 Rf5 30. Rg1 Bf8 31. Qg6 Nxb2 32. Qxh6 Nd3 33. Qg6 Be8 34. Qxe6+ Rf7 35. Ng5 Rd8 36. Qg6 Bxa3 37. Nxf7 Bf8 38. Qg5 Rd7 39. Nd6 a6 40. Nxe8 Rf7 41. Nf6+ Rxf6 42. exf6 Kf7 43. fxg7 Bxg7 44. Qxg7+ Ke8 45. Qh7 Nxf4+ 46. Bxf4 Kf8 47. Rg8# 1-0

[Event "DVM U12W 2021"]
[Site "Willingen"]
[Date "2022.08.14"]
[Round "4"]
[White "Ramakrishnan, Veda"]
[Black "Kopylov, Diana"]
[Result "0-1"]
[ECO "B22"]
[WhiteElo "1333"]
[BlackElo "1108"]
[Annotator "NA RC"]
[PlyCount "62"]
[EventDate "2022.08.12"]
[EventType "team-tourn"]
[EventRounds "7"]
[EventCountry "GER"]
[SourceTitle "playchess.com"]
[Source "ChessBase"]
[SourceQuality "1"]
[TimeControl "40/5400+30:1800+30"]

1. e4 c5 2. c3 d6 3. d4 cxd4 4. cxd4 Nf6 5. Nc3 g6 6. Bc4 Bg7 7. Nf3 O-O 8. O-O Nc6 9. Be3 Bd7 10. Qd2 a6 11. Bh6 Rc8 12. Bxg7 Kxg7 13. Bd3 b5 14. Rac1 Qb6 15. Bc2 Rfd8 16. Rfe1 Bg4 17. d5 Bxf3 18. gxf3 Ne5 19. Qe2 Nh5 20. a4 b4 21. Nb1 Nf4 22. Qe3 Qxe3 23. Rxe3 Ned3 24. Rd1 Rxc2 25. b3 Nxf2 26. Rd2 N2h3+ 27. Kf1 Rdc8 28. Re1 Rc1 29. Rdd1 Rxd1 30. Rxd1 Rc2 31. Re1 Rf2# 0-1

[Event "DVM U12W 2021"]
[Site "Willingen"]
[Date "2022.08.14"]
[Round "4"]
[White "Schuelke, Rosalie"]
[Black "Abram, Kristina-Maria"]
[Result "1-0"]
[ECO "B01"]
[WhiteElo "1297"]
[BlackElo "1128"]
[Annotator "NA RC"]
[PlyCount "43"]
[EventDate "2022.08.12"]
[EventType "team-tourn"]
[EventRounds "7"]
[EventCountry "GER"]
[SourceTitle "playchess.com"]
[Source "ChessBase"]
[SourceQuality "1"]
[TimeControl "40/5400+30:1800+30"]

1. e4 d5 2. exd5 Qxd5 3. Nc3 Qa5 4. d4 c6 5. Bc4 Nf6 6. Nge2 Bf5 7. Bd2 Qc7 8. Ng3 Bg6 9. f4 e6 10. O-O Bd6 11. Qf3 Nbd7 12. Rae1 O-O-O 13. Nce4 Nxe4 14. Nxe4 Nf6 15. Nxd6+ Qxd6 16. Qb3 Nd5 17. Bxd5 exd5 18. f5 Bh5 19. Qh3 Bg6 20. fxg6+ Rd7 21. gxf7 h6 22. Re8+ 1-0